 Dungeon Crawl Stone Soup version 0.26-a0-638-gcca6ad1b57 (webtiles) character file.

Game seed: 1782974241107028939

368 Murumi the Skirmisher (level 6, -5/66 HPs)
             Began as an Ogre Conjurer on Sept 14, 2020.
             Slain by Duvessa
             ... wielding a +0 rapier
              (18 damage)
             ... on level 4 of the Dungeon.
             The game lasted 00:16:50 (3705 turns).

Murumi the Skirmisher (Ogre Conjurer)               Turns: 3705, Time: 00:16:50

Health: -5/66      AC:  4    Str: 14    XL:     6   Next: 69%
Magic:  2/10       EV: 10    Int: 25    God:
Gold:   269        SH:  0    Dex:  7    Spells: 8/11 levels left

rFire    . . .     SeeInvis .   e - +3 mace
rCold    . . .     Faith    .   (no shield)
rNeg     . . .     Spirit   .   a - +1 robe
rPois    .         Reflect  .   (helmet restricted)
rElec    .         Harm     .   (no cloak)
rCorr    .         Rampage  .   (gloves unavailable)
MR       .....                  (boots unavailable)
Stlth    ++........             j - amulet of magic regeneration
HPRegen  0.21/turn              g - +6 ring of intelligence
MPRegen  0.37/turn              (no ring)

@: hasted, very quick
A: large, unfitting armour, tough skin 1
a: no special abilities


You were on level 4 of the Dungeon.
You visited 1 branch of the dungeon, and saw 4 of its levels.

You collected 269 gold pieces.

Inventory:

Hand Weapons
 e - a +3 mace (weapon)
 f - a +1 whip
Missiles
 b - 225 stones
 d - 9 datura-tipped darts
 n - 3 large rocks (quivered)
Armour
 a - a +1 robe (worn)
Jewellery
 g - a +6 ring of intelligence (left hand)
 j - an amulet of magic regeneration (around neck)
Wands
 m - a wand of disintegration (14)
Scrolls
 i - 2 scrolls of remove curse
 k - a scroll of teleportation
Potions
 c - a potion of heal wounds
 h - a potion of curing
 l - a potion of haste
 o - a potion of flight
 p - a potion of degeneration {unknown}
 q - a potion of berserk rage {unknown}


   Skills:
 - Level 5.0 Fighting
 - Level 2.0 Maces & Flails
 + Level 2.7 Throwing
 - Level 2.0 Dodging
 - Level 2.0 Stealth
 - Level 3.0 Spellcasting
 - Level 4.0 Conjurations
 - Level 1.0 Evocations


You had 8 spell levels left.
You knew the following spells:

 Your Spells              Type           Power        Failure   Level
a - Magic Dart            Conj           ###.         1%          1
b - Searing Ray           Conj           ###...       3%          2

Your spell library contained the following spells:

 Spells                   Type           Power        Failure   Level
 Dazzling Flash           Conj/Hex       ##....       13%         3
 Fulminant Prism          Conj/Hex       ##........   41%         4
 Iskenderun's Mystic Bla  Conj/Tloc      ##......     41%         4


Dungeon Overview and Level Annotations

Branches:
Dungeon (4/15)
 Temple: D:4-7

Altars:

Annotations:
D:4 Duvessa, Grinder, Natasha


Innate Abilities, Weirdness & Mutations

You are too large for most types of armour.
You have tough skin. (AC +1)


Message History

Confirm with . or Enter, or press ? or * to list all spells.
Aiming: Searing Ray (safe; 3% risk of failure)
Press: ? - help, Shift-Dir - straight line, f/p - Duvessa
Aim: Duvessa, wielding a +0 rapier and wearing a +0 chain mail (lightly wounded, berserk)
The searing ray hits Duvessa.
Duvessa is moderately wounded. (Press . to maintain the ray.) Duvessa hits you with a +0 rapier!
The searing ray hits Duvessa!
Duvessa is moderately wounded.
Duvessa hits you with a +0 rapier!
The searing ray hits Duvessa but does no damage.
Duvessa is moderately wounded.
Duvessa hits you with a +0 rapier!!
The searing ray misses Duvessa.
You finish channeling your searing ray.
The white imp gestures at you. The puff of frost hits you!
* * * LOW HITPOINT WARNING * * *
Duvessa hits you with a +0 rapier!!
You die...

..
..#####............#.......
#....................#
#.......######......##
###......#### #.........#
#.........# . #.........#
....###.......#
.......@h.....#
......re......#
..............#
..........5...#
........Z....... .g.g.g
.......(........ ...g..
....##.......(.. ......
.... .......... ......
......


You could see Duvessa (berserk), Natasha, a white imp (summoned), a quokka and a
bullfrog skeleton.

Vanquished Creatures
  Dowan (D:4)
  An orc priest (D:4)
  A hound (D:4)
  A worker ant (D:4)
  An iguana (D:4)
  Natasha (D:4)
  Robin (D:4)
  A gnoll (D:1)
  8 adders
  A worm (D:2)
  4 leopard geckos
  2 orcs (D:4)
  5 giant cockroaches
  9 hobgoblins
  6 jackals (D:1)
  4 kobolds
  12 bats
  6 frilled lizards
  16 goblins
  A jackal skeleton (D:4)
  7 rats
89 creatures vanquished.

Vanquished Creatures (others)
  6 plants (D:2)
6 creatures vanquished.

Grand Total: 95 creatures vanquished

Notes
Turn   | Place    | Note
-------+----------+-------------------------------------------
     0 | D:1      | Murumi the Ogre Conjurer began the quest for the Orb.
     0 | D:1      | Reached XP level 1. HP: 16/16 MP: 3/3
   167 | D:1      | Reached XP level 2. HP: 5/24 MP: 0/5
   542 | D:1      | Learned a level 2 spell: Searing Ray
   547 | D:1      | Reached XP level 3. HP: 31/31 MP: 3/7
   761 | D:1      | Reached skill level 1 in Fighting
  1316 | D:2      | Reached skill level 1 in Throwing
  1316 | D:2      | Reached XP level 4. HP: 34/42 MP: 4/8
  1520 | D:2      | Reached skill level 2 in Fighting
  1651 | D:2      | Reached skill level 1 in Maces & Flails
  1691 | D:2      | Reached skill level 3 in Fighting
  2117 | D:3      | Reached XP level 5. HP: 53/53 MP: 5/9
  3214 | D:4      | Reached skill level 4 in Fighting
  3231 | D:4      | Noticed Grinder
  3429 | D:4      | Reached XP level 6. HP: 58/62 MP: 1/10
  3460 | D:4      | Noticed Natasha
  3461 | D:4      | Noticed Duvessa
  3461 | D:4      | Noticed Dowan
  3497 | D:4      | Killed Dowan
  3497 | D:4      | Reached skill level 1 in Evocations
  3522 | D:4      | Killed Natasha
  3522 | D:4      | Reached skill level 5 in Fighting
  3573 | D:4      | Noticed Robin
  3574 | D:4      | Killed Robin
  3697 | D:4      | Noticed Natasha
  3705 | D:4      | Slain by Duvessa

Illustrated notes

Levels and vault maps discovered:
D:1:      saegor_arrival_miasma, layout_rooms
D:2:      layout_basic, serial_bayou_lagoon_b
D:3:      layout_basic
D:4:      layout_basic, uniq_natasha, uniq_robin, uniq_duvessa, uniq_grinder

Skill      XL: |  1  2  3  4  5  6 |
---------------+-------------------+-----
Dodging        | 2 |  2.0
Conjurations   | 4 |  4.0
Spellcasting   | 3 |  3.0
Stealth        | 2 |  2.0
Fighting       | 1 3 4 5 |  5.0
Throwing       | 1 2 |  2.7
Maces & Flails | 1 2 |  2.0
Evocations     | 1 |  1.0

Action                   |  1- 3 |  4- 6 || total
-------------------------+-------+-------++-------
Melee: Club              |     8 |       ||     8
       Whip              |    18 |     3 ||    21
       Mace              |     3 |     3 ||     6
Throw: Stone             |     7 |       ||     7
       Large rock        |       |     6 ||     6
 Cast: Magic Dart        |    55 |    99 ||   154
       Searing Ray       |     3 |    13 ||    16
  Use: Scroll            |     5 |     5 ||    10
       Potion            |       |     1 ||     1
Armor: Robe              |    30 |     7 ||    37
Dodge: Dodged            |    44 |     9 ||    53

Table legend: (Time is in decaauts)
 A = Elapsed time spent in this place.
 B = Non-inter-level travel time spent in this place.
 C = Inter-level travel time spent in this place.
 D = Time resting spent in this place.
 E = Time spent auto-exploring this place.
 F = Levels seen in this place.
 G = Mean time per level.
                   A        B        C        D        E       F      G
               +--------+--------+--------+--------+--------+-----+--------+
         Total |   3740 |   3477 |    263 |     49 |   2812 |   4 |  935.0 |
       Dungeon |   3740 |   3477 |    263 |     49 |   2812 |   4 |  935.0 |
               +--------+--------+--------+--------+--------+-----+--------+

Top non-repeatable levels by time:
     D:1: 1215 daAuts
     D:2: 1035 daAuts
     D:3: 1034 daAuts
     D:4: 455 daAuts
